 Dungeon Sprint DCSS version 0.23-a0-208-gb6b040f (webtiles) character file.

45 Fang the Skirmisher (level 3, -3/26 HPs)
             Began as a Gargoyle Berserker on Sept 25, 2018.
             Was a Priest of Trog.
             Slain by a worker ant (4 damage)
             ... in the Dungeon (Sprint IX: "|||||||||||||||||||||||||||||").
             The game lasted 00:00:15 (48 turns).

Fang the Skirmisher (Gargoyle Berserker)              Turns: 48, Time: 00:00:16

Health: -3/26      AC:  5    Str: 21    XL:     3   Next: 64%
Magic:  3/3        EV: 12    Int:  7    God:    Trog [***...]
Gold:   0          SH:  0    Dex:  9    Spells: 2/2 levels left

rFire    . . .     SeeInvis .   a - +0 hand axe
rCold    . . .     Gourm    .   (no shield)
rNeg     + . .     Faith    .   b - +0 animal skin
rPois    ∞         Spirit   .   (no helmet)
rElec    +         Reflect  .   (no cloak)
rCorr    .         Harm     .   (no gloves)
MR       .....     NoTele   +   (no boots)
Stlth    +.........             (no amulet)
HPRegen  0.08/turn              (no ring)
MPRegen  0.08/turn              (no ring)

@: berserk cooldown, slowed, very slow
A: negative energy resistance 1, electricity resistance, unbreathing,
petrification resistance, rot immunity, AC +3
a: Berserk, Trog's Hand, Renounce Religion


You were in the Dungeon.
You worshipped Trog.
Trog was most pleased with you.
You were not hungry.

You visited 1 branch

Inventory:

Hand Weapons
 a - a +0 hand axe (weapon)
Armour
 b - a +0 animal skin (worn)
Scrolls
 i - a scroll of blinking
Potions
 d - a potion of curing
 e - a potion of heal wounds
 f - a potion of haste
 g - 2 potions of magic
 h - a potion of berserk rage
Comestibles
 c - a ration


   Skills:
 + Level 5.4 Fighting
 + Level 5.0 Axes
 + Level 2.9 Armour
 + Level 2.4 Dodging


You had 2 spell levels left.
You didn't know any spells.
Your spell library was empty.

Dungeon Overview and Level Annotations

Branches:
Dungeon (1/1)

Altars:


Innate Abilities, Weirdness & Mutations

You are resistant to torment.
Your stone body is resilient. (AC +3)
You are immune to poison.
You resist negative energy. (rN+)
You are resistant to electric shocks. (rElec)
You can survive without breathing.
You are immune to petrification.
You are immune to rotting.


Message History

You kill the howler monkey!
Trog accepts your kill.
Your Fighting skill increases to level 5!
Your Axes skill gained 2 levels and is now at level 5!
Your Dodging skill increases to level 2!
You have reached level 3!
Your experience leads to an increase in your attributes!
Increase (S)trength, (I)ntelligence, or (D)exterity?
You feel stronger. The worker ant barely misses you.
You hit the worker ant.
The worker ant is moderately wounded.
The worker ant bites you.
* * * LOW HITPOINT WARNING * * *
The worker ant bites you.
* * * LOW HITPOINT WARNING * * *
You closely miss the worker ant.
The worker ant is moderately wounded.
The worker ant bites you.
You die...

▓.▓
▓)▓
▓.▓
▓.▓
▓.▓
▓.▓
▓.▓
▓'▓
▓@▓
▓a▓
▓.▓
▓.▓
▓.▓
▓+▓


You could see a worker ant.

Vanquished Creatures
  A howler monkey (D)
  A leopard gecko (D)
  A jackal (D)
  2 bats (D)
  A giant cockroach zombie (D)
  3 kobolds (D)
9 creatures vanquished.

Notes
Turn   | Place    | Note
-------+----------+-------------------------------------------
     0 | D        | Fang the Gargoyle Berserker began the quest for the Orb.
     0 | D        | Reached XP level 1. HP: 14/14 MP: 1/1
    10 | D        | Reached ** piety under Trog
    26 | D        | Noticed a howler monkey
    26 | D        | Noticed a worker ant
    34 | D        | Reached *** piety under Trog
    37 | D        | Reached XP level 2. HP: 20/20 MP: 2/2
    46 | D        | Killed a howler monkey
    46 | D        | Reached skill level 5 in Fighting
    46 | D        | Reached skill level 5 in Axes
    46 | D        | Reached XP level 3. HP: 10/26 MP: 3/3
    47 | D        | HP: 1/26 [worker ant (3)]
    48 | D        | Slain by a worker ant

Vault maps used:
D:        linesprint

Skill      XL: |  1  2 |
---------------+-------+-----
Axes           | 3 5 |  5.0
Fighting       | 4 5 |  5.4
Dodging        | 2 |  2.4
Armour         | |  2.9

Action                   || total
-------------------------++-------
Melee: Hand axe          ||    33
Invok: Berserk           ||     1
Armor: Animal skin       ||    14
Dodge: Dodged            ||    17

Table legend:
 A = Non-vault XP
 B = Vault XP
 C = Vault XP percentage of total XP
 D = Non-vault monster count
 E = Vault monster count
 F = Vault count percentage of total count
                 A         B        C        D         E       F
            +---------+---------+-------+---------+---------+-------
      Total |       0 |      65 | 100.0 |       0 |       9 | 100.0
            +---------+---------+-------+---------+---------+-------
          D |       0 |      65 | 100.0 |       0 |       9 | 100.0
            +---------+---------+-------+---------+---------+-------
